 Dungeon Crawl Stone Soup version 0.20.1-1-g8b1a95d (webtiles) character file.

17336 equalderp2856 the Severer (level 12, -3/84 HPs)
             Began as a Minotaur Fighter on July 28, 2017.
             Slain by an ice devil (11 damage)
             ... on level 1 of the Abyss on July 29, 2017.
             The game lasted 00:49:36 (14727 turns).

equalderp2856 the Severer (Minotaur Fighter)       Turns: 14727, Time: 00:49:37

Health: -3/84      AC: 18    Str: 22    XL:     12   Next: 18%
Magic:  11/11      EV: 12    Int:  2    God:
Gold:   522        SH:  9    Dex: 20    Spells: 11/11 levels left

rFire    + . .     SeeInvis .   a - +0 war axe
rCold    + . .     Gourm    .   m - +2 buckler
rNeg     . . .     Faith    .   x - +3 chain mail
rPois    .         Spirit   .   (helmet restricted)
rElec    .         Reflect  .   c - scarf {rC+ rF+}
rCorr    .         Harm     .   r - +0 pair of gloves {Dex+3}
MR       .....     Rnd*Tele +   n - +0 pair of boots
Stlth    ..........             (no amulet)
Regen    0.0/turn               q - +4 ring of dexterity
MPRegen  0.2/turn               O - +4 ring of strength

@: about to teleport, non-regenerating, diseased
A: retaliatory headbutt, horns 2, [blurry vision 2], [dopey 2], [frail 2],
[screaming 2], [teleportitis 2], [weak 2], [subdued magic 2], [MP-powered wands]
a: no special abilities


You were on level 1 of the Abyss.
You were near starving.

You visited 2 branches of the dungeon, and saw 11 of its levels.
You visited the Abyss 1 time.
You also visited: Labyrinth and Sewer.

You collected 522 gold pieces.

Inventory:

Hand Weapons
 a - a +0 war axe (weapon)
 t - a +0 hand crossbow
 u - a +1 blowgun
 A - a +0 shortbow
 V - a +2 scimitar of electrocution
 X - the cursed +3 dagger of Gloom {vamp, rF- Int+7 Dex+2, unknown}
   (You found it in a labyrinth)

   It inflicts no extra harm, but heals its wielder when it wounds a living foe.
   It affects your intelligence (+7).
   It affects your dexterity (+2).
   It makes you vulnerable to fire.
   It has a curse placed upon it.
Armour
 c - a scarf of resistance (worn)
 j - the +3 leather armour of Discretion {rElec rF+ Int+3 Dex+2, unknown}
   (You took it off a minotaur in a labyrinth)

   It affects your intelligence (+3).
   It affects your dexterity (+2).
   It protects you from fire.
   It insulates you from electricity.
 m - a +2 buckler (worn)
 n - a +0 pair of boots (worn)
 r - a +0 pair of gloves of dexterity (worn)
 x - a +3 chain mail (worn)
 L - a +2 pair of gloves
Magical Staves
 h - a cursed staff of air
Jewellery
 q - a +4 ring of dexterity (left hand)
 w - an uncursed ring of see invisible
 y - a +2 ring of protection
 J - an uncursed ring of ice
 K - an uncursed ring of poison resistance
 M - an uncursed ring of ice
 O - a +4 ring of strength (right hand)
 U - a +3 ring of strength
 Z - an uncursed ring of protection from cold
Wands
 b - a wand of confusion (30/48)
 e - a wand of paralysis (10/24)
 v - a wand of scattershot (7/9)
 C - a wand of polymorph (12/24)
 F - a wand of iceblast (4/15)
 N - a wand of random effects (19/48)
 T - a wand of acid (0/15)
Scrolls
 g - 7 scrolls of teleportation
 o - 3 scrolls of remove curse
 B - a scroll of recharging
 H - 2 scrolls of fear
 P - a scroll of identify
 Y - 2 scrolls of fog
Potions
 d - 3 potions of might
 k - 4 potions of flight
 l - 2 potions of invisibility {unknown}
 p - 3 potions of brilliance {unknown}
 s - 3 potions of ambrosia
 D - a potion of curing
 E - 2 potions of haste {unknown}
 G - a potion of berserk rage {unknown}
 I - 2 potions of magic {unknown}
 R - 2 potions of mutation {unknown}
Books
 Q - a book of Battle

   Spells                             Type                      Level
   a - Infusion                       Charms                       1
   b - Shroud of Golubria             Charms/Translocation         2
   c - Song of Slaying                Charms                       2
   d - Spectral Weapon                Hexes/Charms                 3
   e - Regeneration                   Charms/Necromancy            3
 S - a book of Frost

   Spells                             Type                      Level
   a - Freeze                         Ice                          1
   b - Throw Frost                    Conjuration/Ice              2
   c - Ozocubu's Armour               Charms/Ice                   3
   d - Throw Icicle                   Conjuration/Ice              4
   e - Summon Ice Beast               Ice/Summoning                4
 W - the Collected Works on Evil Rites
   (You found it in a labyrinth)

   Spells                             Type                      Level
   a - Pain                           Necromancy                   1
   b - Corpse Rot                     Necromancy                   2
   c - Regeneration                   Charms/Necromancy            3
   d - Animate Dead                   Necromancy                   4
   e - Excruciating Wounds            Charms/Necromancy            5
   f - Bolt of Draining               Conjuration/Necromancy       5
Comestibles
 f - 5 bread rations
 i - 5 royal jellies


   Skills:
 + Level 10.1 Fighting
 + Level 15.0 Axes
 + Level 11.4 Armour
 + Level 5.5 Dodging
 + Level 1.8 Stealth
 + Level 9.7 Shields
 + Level 0.3 Evocations


You had 11 spell levels left.
You didn't know any spells.

Dungeon Overview and Level Annotations

Branches:
Dungeon (8/15)             Temple (0/1) D:4            Lair (3/6) D:8
  Swamp (0/4) Lair:2
  Snake: Lair:2-4    Spider: Lair:2-4

Altars:
Fedhas

Shops:
D:5 %

Annotations:
D:2 Sigmund
D:4 1 runed door
D:6 exclusions: oklob plant and 1 more exclusion
Lair:2 3 exclusions


Innate Abilities, Weirdness & Mutations

You reflexively headbutt those who attack you in melee.
You have a pair of horns on your head.
[Scrolls take you longer to read.]
[You are very dopey. (Int -4)]
[You are very frail. (-20% HP)]
[You sometimes yell uncontrollably at your foes.]
[You are sometimes teleported next to monsters.]
[You are very weak. (Str -4)]
[Your spells are easier to cast, but less powerful.]
[You expend magic power (3 MP) to strengthen your wands.]


Message History

Really read with blurry vision while enemies are nearby?
The white imp gestures at you. You block the puff of frost.
The ice devil hits you but does no damage.
You begin reading the scroll.
You continue reading the scroll.
You block the ice devil's attack.
As you read the scroll of teleportation, it crumbles to dust.
You feel strangely unstable.
You feel the power of the Abyss delaying your translocation!
The white imp hits you but does no damage.
You hit the white imp. Your headbutt misses the white imp.
The white imp is lightly wounded.
You hit the ice devil but do no damage. You block the white imp's attack.
Unknown command.
You slash the white imp! Your headbutt misses the white imp.
The white imp is almost dead.
You hit the ice devil but do no damage. The ice devil hits you.
* * * LOW HITPOINT WARNING * * *
The ice devil freezes you! You resist.
You die...

##.
#..
..#
#v#
##.#
..#
#5# #
#@# #
#4# .
#5# #
# #.#
#.# #
###
#.# .
#.# .
#. #.#
######
##.#


You could see a spatial vortex, an ice devil, a white imp and an ufetubus.

Vanquished Creatures
  A minotaur (Lab)
  The ghost of equalderp2856 the Cleaver, a journeyman MiFi (Lair:1)
  The ghost of Gatuga the Thaumaturge, a novice DEEE of Sif Muna (Lair:1)
  A thrashing horror (Abyss:1)
  A wretched star (Abyss:1)
  A black mamba (Lair:1)
  3 spiny frogs
  2 gargoyles (Lab)
  A rime drake (Lair:3)
  A komodo dragon (Lair:2)
  2 hellwings (Abyss:1)
  An ancient zyme (Abyss:1)
  3 large abominations (Abyss:1)
  The ghost of ceb the Poker, an amateur DsGl (D:4)
  A hippogriff (Lair:3)
  2 small abominations (Abyss:1)
  4 redbacks (Lab)
  4 shadows (Lab)
  12 yaks (Lair:2)
  4 hungry ghosts (Lab)
  9 porcupines
  6 water moccasins
  3 black bears
  3 ice beasts
  2 sky beasts (D:7)
  2 phantoms
  2 ogres
  4 wolves
  A centaur (D:6)
  12 crocodiles
  6 bullfrogs
  A gnoll sergeant (D:6)
  A scorpion (D:7)
  An electric eel (Lair:2)
  4 lava snakes (Lab)
  A centaur zombie (D:5)
  3 crimson imps
  A jelly (D:5)
  3 bullfrog zombies
  12 orc priests
  4 hounds
  A bullfrog skeleton (D:5)
  Terence (D:3)
  3 iguanas
  10 orc wizards
  6 worker ants
  2 killer bee zombies
  A hound zombie (D:5)
  9 gnolls (D:6)
  A howler monkey skeleton (D:6)
  3 river rats (Sewer)
  11 adders
  A white imp (Abyss:1)
  An ufetubus (Abyss:1)
  4 oozes
  A worm (D:3)
  A dart slug (D:1)
  4 leopard geckos
  30 orcs
  11 ball pythons
  6 bats
  6 giant cockroaches
  5 goblins
  8 hobgoblins
  7 jackals
  4 quokkas
  2 frilled lizards (Sewer)
  6 kobolds
  3 leopard gecko skeletons
  A quokka zombie (D:7)
  27 rats
  A starspawn tentacle (Abyss:1)
305 creatures vanquished.

Vanquished Creatures (others)
  6 fungi
  2 plants
  24 starspawn tentacles (Abyss:1)
32 creatures vanquished.

Grand Total: 337 creatures vanquished

Notes
Turn   | Place    | Note
-------+----------+-------------------------------------------
     0 | D:1      | equalderp2856 the Minotaur Fighter began the quest for the Orb.
     0 | D:1      | Reached XP level 1. HP: 19/19 MP: 0/0
   158 | D:1      | Reached XP level 2. HP: 21/27 MP: 1/1
   666 | D:1      | Reached XP level 3. HP: 33/33 MP: 2/2
   869 | D:2      | Noticed Sigmund
   927 | D:3      | Noticed Terence
   945 | D:3      | Killed Terence
   945 | D:3      | Reached skill level 3 in Axes
  1134 | D:3      | You fall through a shaft for 2 floors!
  1134 | D:5      | Entered Level 5 of the Dungeon
  1138 | D:5      | Reached skill level 1 in Dodging
  1138 | D:5      | Reached XP level 4. HP: 40/40 MP: 3/3
  1167 | D:5      | Reached skill level 4 in Axes
  1167 | D:5      | Reached XP level 5. HP: 29/46 MP: 4/4
  1178 | D:5      | Noticed an ice beast
  1194 | D:5      | Killed an ice beast
  1194 | D:5      | Reached skill level 5 in Armour
  1220 | D:5      | Reached skill level 5 in Axes
  1220 | D:5      | Reached XP level 6. HP: 21/53 MP: 5/5
  1495 | D:5      | Reached skill level 6 in Axes
  1553 | D:5      | Reached XP level 7. HP: 39/60 MP: 6/6
  1624 | D:5      | Found a glowing drain.
  1628 | Sewer    | Entered a sewer
  1887 | Sewer    | Reached skill level 5 in Shields
  1888 | Sewer    | Reached skill level 7 in Axes
  2207 | D:5      | Found Durgh's Food Boutique.
  2390 | D:4      | Noticed ceb's ghost (amateur DsGl)
  3223 | D:4      | Reached skill level 5 in Fighting
  3230 | D:4      | Found a staircase to the Ecumenical Temple.
  3305 | D:4      | Reached XP level 8. HP: 68/68 MP: 7/7
  3314 | D:4      | Killed ceb's ghost
  3314 | D:4      | Reached skill level 8 in Axes
  3345 | D:4      | Found a runed door.
  3935 | D:6      | Found Kamma's Food Emporium.
  3973 | D:6      | Reached skill level 9 in Axes
  4551 | D:6      | Found a blossoming altar of Fedhas.
  4628 | D:6      | Noticed an oklob plant
  5014 | D:6      | Reached XP level 9. HP: 70/75 MP: 8/8
  5596 | D:7      | Reached skill level 10 in Axes
  6122 | D:7      | Reached skill level 1 in Stealth
  7096 | D:8      | Reached skill level 11 in Axes
  7140 | D:8      | Reached XP level 10. HP: 53/86 MP: 9/9
  7148 | D:8      | Found a staircase to the Lair.
  7326 | Lair:1   | Entered Level 1 of the Lair of Beasts
  7369 | Lair:1   | Noticed a spiny frog
  7379 | Lair:1   | Killed a spiny frog
  7379 | Lair:1   | Reached skill level 12 in Axes
  7459 | Lair:1   | Noticed a black mamba
  7468 | Lair:1   | Killed a black mamba
  7747 | Lair:1   | Noticed equalderp2856's ghost (journeyman MiFi)
  7775 | Lair:1   | Noticed Gatuga's ghost (novice DEEE)
  7791 | Lair:1   | HP: 4/86 [Gatuga's ghost (1)]
  8554 | Lair:2   | Found a staircase to the Swamp.
  8716 | Lair:2   | Reached skill level 13 in Axes
  8754 | Lair:2   | Reached skill level 10 in Armour
  9056 | Lair:2   | Noticed a spiny frog
  9072 | Lair:2   | Killed a spiny frog
  9072 | Lair:2   | Reached XP level 11. HP: 70/95 MP: 10/10
 10147 | Lair:1   | Killed equalderp2856's ghost
 10389 | Lair:1   | Killed Gatuga's ghost
 10389 | Lair:1   | Reached skill level 5 in Dodging
 10935 | Lair:3   | Noticed a spriggan rider
 11202 | Lair:3   | Reached skill level 14 in Axes
 11277 | Lair:3   | Found a labyrinth entrance.
 11294 | Lab      | Entered a labyrinth
 13024 | Lab      | Found an exit through the horrors of the Abyss.
 13149 | Lab      | Noticed a minotaur
 13156 | Lab      | Killed a minotaur
 13168 | Lab      | Identified the Collected Works on Evil Rites
 13170 | Lab      | Got an ichor-stained dagger
 13212 | Lab      | Got a fine leather armour
 13298 | Lab      | Found an exit through the horrors of the Abyss.
 13328 | Lab      | Took an exit into the Abyss.
 13328 | Abyss:1  | Escaped into the Abyss
 13492 | Abyss:1  | Noticed a tentacled starspawn
 13758 | Abyss:1  | Noticed a tentacled starspawn
 13846 | Abyss:1  | Noticed a tentacled starspawn
 13861 | Abyss:1  | Noticed a thrashing horror
 13914 | Abyss:1  | Noticed a tentacled starspawn
 14053 | Abyss:1  | Reached XP level 12. HP: 44/106 MP: 11/11
 14075 | Abyss:1  | Reached skill level 10 in Fighting
 14097 | Abyss:1  | Noticed a tentacled starspawn
 14120 | Abyss:1  | Found a viscous altar of Jiyva.
 14700 | Abyss:1  | Reached skill level 15 in Axes
 14727 | Abyss:1  | Slain by an ice devil

Skill      XL: |  1  2  3  4  5  6  7  8  9 10 11 12 |
---------------+-------------------------------------+-----
Armour         | 4 5 7 8 10 11 | 11.4
Fighting       | 4 5 6 7 8 9 10 | 10.1
Axes           | 3 4 5 6 7 9 11 13 14 15 | 15.0
Shields        | 4 5 6 7 8 9 |  9.7
Dodging        | 1 2 3 4 5 |  5.5
Stealth        | 1 |  1.8
Evocations     | |  0.3

Action                   |  1- 3 |  4- 6 |  7- 9 | 10-12 || total
-------------------------+-------+-------+-------+-------++-------
Melee: War axe           |    67 |    81 |   416 |   462 ||  1026
       Headbutt          |    10 |    18 |    87 |   148 ||   263
Evoke: Wand              |       |       |       |     7 ||     7
  Use: Scroll            |       |       |    11 |     8 ||    19
       Potion            |       |       |     1 |     8 ||     9
  Eat: Chunk             |       |     1 |    16 |     9 ||    26
       Fruit             |       |       |     3 |     7 ||    10
       Meat ration       |       |       |       |     2 ||     2
Armor: Scale mail        |    33 |       |       |       ||    33
       Chain mail        |     5 |    53 |   242 |   196 ||   496
Dodge: Dodged            |    22 |    22 |   191 |   213 ||   448
Block: Shield            |    19 |       |       |       ||    19
       Buckler           |    11 |    36 |   174 |   205 ||   426
